 Dungeon Crawl Stone Soup version 0.31.0-9-g3a7656b989 (webtiles) character file.

Game seed: 671405649164324095

184 qw the Skirmisher (level 5, -2/29 HPs)
             Began as a Deep Elf Hunter on Feb 2, 2024.
             Incinerated by a bombardier beetle (3 damage)
             ... with a burning spray
             ... on level 3 of the Dungeon.
             The game lasted 00:00:07 (1702 turns).

qw the Skirmisher (Deep Elf Hunter)                 Turns: 1702, Time: 00:00:07

Health: -2/29      AC:  7    Str: 10    XL:     5   Next: 36%
Magic:  7/7        EV: 11    Int: 14    God:
Gold:   203        SH:  0    Dex: 18    Spells: 4/4 levels left

rFire   . . .        a - +0 shortbow
rCold   . . .        (shield currently unavailable)
rNeg    . . .        j - +0 ring mail
rPois   +            n - +0 helmet
rElec   .            i - +0 cloak
rCorr   .            (no gloves)
SInv    .            (no boots)
Will    .....        (no amulet)
Stlth   +            e - ring of poison resistance
HPRegen 0.24/turn    (no ring)
MPRegen 0.10/turn

%: no passive effects
@: on fire, glowing
A: no striking features
a: no special abilities


You were on level 3 of the Dungeon.
You visited 1 branch of the dungeon, and saw 3 of its levels.

You collected 203 gold pieces.


   Skills:
 - Level 1.5 Fighting
 + Level 8.9 Ranged Weapons
 - Level 2.4 Dodging
 - Level 1.2 Stealth


You had 4 spell levels left.
You didn't know any spells.
Your spell library was empty.

Inventory:

Hand Weapons
 a - a +0 shortbow (weapon)
Armour
 i - a +0 cloak (worn)
 j - a +0 ring mail (worn)
 n - a +0 helmet (worn)
Jewellery
 e - a ring of poison resistance (left hand)
 h - a ring of fire
Potions
 b - 2 potions of curing {unknown}
 d - a potion of enlightenment
 f - a potion of heal wounds
 m - a potion of lignification {unknown}

Dungeon Overview and Level Annotations

Branches:
Dungeon (3/15)

Altars:


Message History

The arrow hits the bombardier beetle but does no damage.
The bombardier beetle is severely wounded.
The liquid fire burns you!
You shoot an arrow. The arrow hits the bombardier beetle.
The bombardier beetle is severely wounded.
The liquid fire burns you!
The bombardier beetle sprays incendiary fluid at you.
The burning spray hits you.
You are even more covered in liquid fire!
You shoot an arrow.
The arrow completely misses the bombardier beetle.
The liquid fire burns you!
The bombardier beetle closely misses you.
1695 ||| DRINKING 2 potions of heal wounds.
You feel much better. The liquid fire burns you!
You shoot an arrow.
The arrow hits the bombardier beetle but does no damage.
The bombardier beetle is severely wounded.
The liquid fire burns you! The bombardier beetle bites you.
You shoot an arrow.
The arrow hits the bombardier beetle but does no damage.
The bombardier beetle is severely wounded.
The liquid fire burns you!
The bombardier beetle sprays incendiary fluid at you.
The burning spray hits you.
You are even more covered in liquid fire!
You shoot an arrow. The arrow hits the bombardier beetle!
You kill the bombardier beetle!
The liquid fire burns you!
You are on fire!
The liquid fire burns you!
You are on fire!
The liquid fire burns you!
You are on fire!
The liquid fire burns you!
You are on fire!
The liquid fire burns you!
You die...

######## . # ### # #..
.. #.# #.# #.#
#...##########.#######
#..@................
#..$######.#########
###.. #.# #### ##..
#.# #... #.. #.# #.##
... .># #.# #######
#.# #.## ###########
#..)


There were no monsters in sight!

Vanquished Creatures
  A bombardier beetle (D:3)
  Robin (D:2)
  4 gnolls (D:2)
  2 adders (D:2)
  2 ribbon worms
  A dart slug (D:2)
  4 endoplasms
  4 giant cockroaches
  12 goblins
  9 hobgoblins
  7 jackals
  4 kobolds
  A quokka (D:2)
  5 ball pythons
  A bat (D:2)
  3 frilled lizards (D:1)
  5 rats
66 creatures vanquished.

Notes
Turn   | Place    | Note
-------+----------+-------------------------------------------
     0 | D:1      | qw the Deep Elf Hunter began the quest for the Orb.
     0 | D:1      | Reached XP level 1. HP: 12/12 MP: 3/3
     0 | D:1      | 0 ||| qw: Version: 0.3-a-155-g5e7d8dd
     0 | D:1      | 0 ||| qw: Game counter: 2593
     0 | D:1      | 0 ||| qw: Melee chars always use a shield: true
     0 | D:1      | 0 ||| qw: God list: Okawaru
     0 | D:1      | 0 ||| qw: Allow faded altars: false
     0 | D:1      | 0 ||| qw: Do Orc after clearing Dungeon:15 true
     0 | D:1      | 0 ||| qw: Do second Lair branch before Depths: true
     0 | D:1      | 0 ||| qw: Lair rune preference: random
     0 | D:1      | 0 ||| qw: Goals: Normal
     0 | D:1      | 0 ||| PLANNING D:1-11
   305 | D:1      | Reached XP level 2. HP: 16/16 MP: 4/4
   308 | D:1      | Reached skill level 6 in Ranged Weapons
   485 | D:1      | Found a faded altar of an unknown god.
   705 | D:1      | 705 ||| UPGRADING to +0 cloak.
   710 | D:1      | 710 ||| UPGRADING to +0 ring mail.
   720 | D:1      | 720 ||| DROPPING +0 leather armour.
   721 | D:1      | 721 ||| UPGRADING to ring of poison resistance.
   722 | D:1      | 722 ||| READING 2 scrolls labelled ISILOM MAWOMIR.
   723 | D:1      | 723 ||| DROPPING scroll of butterflies.
   724 | D:1      | 724 ||| DROPPING scroll of poison.
   766 | D:2      | Reached XP level 3. HP: 20/20 MP: 5/5
   848 | D:2      | Reached skill level 7 in Ranged Weapons
  1007 | D:2      | Reached XP level 4. HP: 25/25 MP: 6/6
  1120 | D:2      | Reached skill level 8 in Ranged Weapons
  1236 | D:2      | Noticed Robin
  1255 | D:2      | HP: 6/25 [hobgoblin[Robin] (5)]
  1263 | D:2      | Killed Robin
  1350 | D:2      | 1350 ||| UPGRADING to +0 helmet.
  1355 | D:2      | 1355 ||| READING scroll labelled AQUHEI PENOPOPH.
  1356 | D:2      | 1356 ||| READING scroll labelled GASOSTRIFOJA.
  1361 | D:2      | 1361 ||| READING scroll labelled VIUKEMIACROE.
  1362 | D:2      | 1362 ||| READING scroll labelled DYIBYFFA TUGGO.
  1362 | D:2      | 1362 ||| IDENTIFYING purple potion
  1363 | D:2      | 1363 ||| READING scroll labelled KEORPH PECETWOS.
  1364 | D:2      | 1364 ||| DRINKING 2 inky potions.
  1501 | D:3      | Reached XP level 5. HP: 22/29 MP: 7/7
  1693 | D:3      | HP: 7/29 [burnt (6)]
  1695 | D:3      | 1695 ||| DRINKING 2 potions of heal wounds.
  1700 | D:3      | HP: 5/29 [burnt (4)]
  1701 | D:3      | HP: 1/29 [burnt (5)]
  1702 | D:3      | Incinerated by a bombardier beetle

Levels and vault maps discovered:
D:1:      co_arrival_random_square_maze, layout_basic,
          hellmonk_ecumenical_altar_arch_garden
D:2:      layout_basic, minmay_misc_feat_secret_circle, uniq_robin
D:3:      layout_basic, minivault_4, uniq_terence, uniq_sigmund

Skill      XL: |  1  2  3  4 |
---------------+-------------+-----
Ranged Weapons | 6 7 8 |  8.9
Fighting       | |  1.5
Dodging        | |  2.4
Stealth        | |  1.2

Action                     |  1- 3 |  4- 6 || total
---------------------------+-------+-------++-------
   Fire: Shortbow          |   101 |    94 ||   195
    Use: Scroll            |     1 |     5 ||     6
         Potion            |       |     2 ||     2
 Armour: Leather armour    |    11 |       ||    11
         Ring mail         |    17 |    29 ||    46
  Dodge: Dodged            |    24 |    25 ||    49

Table legend:
 A = Non-vault XP
 B = Vault XP
 C = Vault XP percentage of total XP
 D = Non-vault monster count
 E = Vault monster count
 F = Vault count percentage of total count
                 A         B        C        D         E       F
            +---------+---------+-------+---------+---------+-------
      Total |     226 |      38 |  14.4 |      53 |      13 |  19.7
            +---------+---------+-------+---------+---------+-------
        D:1 |      35 |       0 |   0.0 |      21 |       0 |   0.0
        D:2 |     119 |      38 |  24.2 |      22 |      13 |  37.1
        D:3 |      72 |       0 |   0.0 |      10 |       0 |   0.0
            +---------+---------+-------+---------+---------+-------
